AoeStats
← MLGGandalf

African Clearing

506378868Analyzed
2v2 RM · 17d ago on Sep 13, 2026· 57m 46s· 4 players
Game mode
Random Map
Map size
Medium (4 player)
Population
200
Speed
Normal
Resources
Standard
Victory
Conquest
Starting age
Dark Age
Ending age
Imperial Age
RankedLock teamsTeams togetherTeam positionsShared explorationLock speedFull tech treeHidden civsTurbo modeCheats
Victory
Defeat
🇳🇱 Vietnamese · Netherlands
1129
+18
🇳🇱 Hindustanis · Netherlands
1097
+19
🇹🇷 Franks · Türkiye
1177
-19
🇮🇹 Armenians · Italy
1155
-18
MLGGandalf
4:51 Loom
12:05 Feudal Age
15:39 Forging
18:24 Horse Collar
23:03 Castle Age
22:25 Scale Barding Armor
23:19 Bloodlines
25:53 Chain Barding Armor
26:37 Husbandry
27:56 Iron Casting
30:08 Wheelbarrow
30:14 Wheelbarrow
36:32 Imperial Age
34:42 Stone Mining
34:43 Gold Mining
37:04 Hand Cart
36:35 Town Watch
43:12 Heavy Plow
42:58 Double-Bit Axe
43:15 Heavy Camel Rider
46:14 Plate Barding Armor
46:40 Blast Furnace
45:38 Fletching
46:24 Conscription
47:30 Town Patrol
49:28 Bow Saw
49:02 Elite Ghulam
51:34 Bodkin Arrow
51:03 Imperial Camel Rider
52:39 Bracer
56:07 Scale Mail Armor
58:37 Chain Mail Armor
Tapi
4:49 Loom
14:30 Feudal Age
15:09 Double-Bit Axe
15:16 Gold Mining
22:44 Fletching
25:53 Castle Age
24:04 Town Watch
25:12 Padded Archer Armor
25:06 Fletching
26:20 Crossbowman
27:27 Padded Archer Armor
28:08 Bodkin Arrow
29:43 Bow Saw
31:17 Ballistics
34:56 Wheelbarrow
35:38 Hand Cart
39:19 Thumb Ring
41:12 Leather Archer Armor
40:58 Scale Mail Armor
41:09 Forging
44:15 Squires
44:34 Arson
45:32 Pikeman
55:20 Imperial Age
57:07 Chemistry
56:08 Bracer
56:43 Arbalester
1lac
3:55 Loom
12:39 Feudal Age
17:37 Castle Age
16:55 Double-Bit Axe
22:21 Wheelbarrow
21:32 Town Watch
22:26 Forging
24:51 Bow Saw
28:01 Town Patrol
28:13 Fletching
29:00 Pikeman
33:44 Imperial Age
31:38 Gold Mining
33:04 Bodkin Arrow
34:01 Scale Barding Armor
35:22 Padded Archer Armor
37:15 Cavalier
39:24 Husbandry
41:14 Hand Cart
41:49 Chain Barding Armor
41:48 Stone Mining
43:47 Gold Shaft Mining
43:50 Plate Barding Armor
44:25 Chivalry
44:46 Conscription
45:34 #83
46:18 Leather Archer Armor
46:56 Scale Mail Armor
47:31 Iron Casting
46:57 Elite Throwing Axeman
48:13 Halberdier
48:53 Squires
48:39 Gambesons
49:23 Ballistics
50:21 Chain Mail Armor
51:06 Blast Furnace
50:17 Murder Holes
51:04 Elite Skirmisher
55:54 Light Cavalry
GdR_Salinaro
11:56 Feudal Age
12:15 Man-at-Arms
13:20 Arson
13:57 Loom
19:59 Double-Bit Axe
22:58 Wheelbarrow
25:30 Castle Age
24:45 Gold Mining
24:48 Horse Collar
26:57 Bow Saw
26:38 Stone Mining
26:54 Heavy Plow
28:03 Gold Shaft Mining
30:05 Hand Cart
30:14 Fletching
32:06 Pikeman
33:39 Squires
33:41 Scale Mail Armor
35:03 Forging
42:08 Imperial Age
40:31 Chain Mail Armor
42:34 Halberdier
42:36 Elite Skirmisher
44:53 Bodkin Arrow
44:59 Padded Archer Armor
45:29 Plate Mail Armor
45:13 Masonry
45:57 Ballistics
46:17 Iron Casting
Connection lost

Rejoining the realm…

Still unreachable

The connection could not be restored.

Session expired

The server has moved on; the page needs a fresh start.